 Dungeon Crawl Stone Soup version 0.31.0-9-g3a7656b989 (webtiles) character file.

Game seed: 4725534083383631533

172 qw the Skirmisher (level 5, -8/29 HPs)
             Began as a Deep Elf Hunter on Feb 2, 2024.
             Killed by nerve-wracking pain
             ... invoked by an orc priest
              (9 damage)
             ... on level 3 of the Dungeon.
             The game lasted 00:00:08 (2186 turns).

qw the Skirmisher (Deep Elf Hunter)                 Turns: 2186, Time: 00:00:08

Health: -8/29      AC:  6    Str: 10    XL:     5   Next: 27%
Magic:  7/7        EV: 11    Int: 14    God:
Gold:   151        SH:  0    Dex: 18    Spells: 4/4 levels left

rFire   . . .        a - +0 shortbow
rCold   . . .        (shield currently unavailable)
rNeg    . . .        g - +1 ring mail
rPois   .            (no helmet)
rElec   .            (no cloak)
rCorr   .            (no gloves)
SInv    .            (no boots)
Will    .....        (no amulet)
Stlth   +            (no ring)
HPRegen 0.24/turn    (no ring)
MPRegen 0.10/turn

%: no passive effects
@: about to teleport
A: no striking features
a: no special abilities


You were on level 3 of the Dungeon.
You visited 1 branch of the dungeon, and saw 3 of its levels.

You collected 151 gold pieces.


   Skills:
 - Level 1.5 Fighting
 + Level 8.7 Ranged Weapons
 - Level 2.4 Dodging
 - Level 1.2 Stealth


You had 4 spell levels left.
You didn't know any spells.
Your spell library was empty.

Inventory:

Hand Weapons
 a - a +0 shortbow (weapon)
Armour
 g - a +1 ring mail (worn)
 j - a +0 pair of gloves
Scrolls
 e - a scroll of identify
 f - a scroll of fear {unknown}
Potions
 b - a potion of curing
 d - a potion of experience {unknown}
 h - a potion of mutation {unknown}
 i - a potion of heal wounds

Dungeon Overview and Level Annotations

Branches:
Dungeon (3/15)

Altars:
Vehumet

Shops:
D:2 =


Message History

You shoot an arrow. The arrow hits the orc.
The orc is severely wounded.
You shoot an arrow. The arrow hits the orc.
You kill the orc!
You shoot an arrow. You shoot an arrow. You shoot an arrow. You shoot an arrow.
Reactivating autopickup.
You feel a bit more experienced.
Things that are here:
a +0 dagger; a +0 robe You now have 151 gold pieces (gained 17).
There is a radiant altar of Vehumet, spattered with blood here.
Things that are here:
a +0 dagger; a +0 leather armour
j - a +0 pair of gloves You see here a book of Spontaneous Combustion.
An orc priest comes into view. It is wielding a +0 dagger.
You shoot an arrow. The arrow hits the orc priest.
The orc priest is moderately wounded.
The orc priest casts a cantrip, but nothing happens.
You shoot an arrow. The arrow hits the orc priest!
The orc priest is severely wounded.
You shoot an arrow. The arrow hits the orc priest.
The orc priest is almost dead.
The orc priest invokes the aid of Beogh against you.
Pain shoots through your body!
You shoot an arrow.
The arrow hits the orc priest but does no damage.
The orc priest is almost dead.
The orc priest mumbles some strange prayers to Beogh against you.
Beogh smites you!
Ouch! That really hurt!
2186 ||| READING scroll of teleportation.
As you read the scroll of teleportation, it crumbles to dust.
You feel strangely unstable.
The orc priest mumbles some strange prayers to Beogh against you.
Pain shoots through your body!
You die...

### #.....# ..# #.....########
#.## #.............
...###########.....####.###
.............#.#.####
...#...........#....# #.
#.##.#######.#.#.##.##.. #.##.#
#..o..)......# #.##.#
#.####@####..# #.##.#
#.##.....##.## #.##.#
#.#.......#..# ### .....#
##.#...)...#..# #.## #)####
#......_......## ###... #.#
#####..#...)...#...## #..... #)#
##......#.......#..:.###.#.#.
#.###...##..##.....##......#.....
#)##.###.#..####.####....#.#.#.#.


You could see an orc priest.

Vanquished Creatures
  2 orc wizards (D:3)
  3 adders (D:3)
  2 dart slugs
  11 orcs (D:3)
  8 endoplasms
  A giant cockroach (D:3)
  6 goblins
  8 hobgoblins
  8 jackals
  4 kobolds
  4 quokkas
  9 ball pythons
  2 bats
  4 frilled lizards
  A rat (D:1)
73 creatures vanquished.

Notes
Turn   | Place    | Note
-------+----------+-------------------------------------------
     0 | D:1      | qw the Deep Elf Hunter began the quest for the Orb.
     0 | D:1      | Reached XP level 1. HP: 12/12 MP: 3/3
     0 | D:1      | 0 ||| qw: Version: 0.3-a-155-g5e7d8dd
     0 | D:1      | 0 ||| qw: Game counter: 1213
     0 | D:1      | 0 ||| qw: Melee chars always use a shield: true
     0 | D:1      | 0 ||| qw: God list: Okawaru
     0 | D:1      | 0 ||| qw: Allow faded altars: false
     0 | D:1      | 0 ||| qw: Do Orc after clearing Dungeon:15 true
     0 | D:1      | 0 ||| qw: Do second Lair branch before Depths: true
     0 | D:1      | 0 ||| qw: Lair rune preference: random
     0 | D:1      | 0 ||| qw: Goals: Normal
     0 | D:1      | 0 ||| PLANNING D:1-11
   111 | D:1      | Reached XP level 2. HP: 16/16 MP: 4/4
   116 | D:1      | Reached skill level 6 in Ranged Weapons
   473 | D:1      | Reached XP level 3. HP: 20/20 MP: 5/5
   560 | D:1      | Found a faded altar of an unknown god.
   637 | D:1      | 637 ||| UPGRADING to +0 scale mail.
   647 | D:1      | 647 ||| DROPPING +0 leather armour.
   648 | D:1      | 648 ||| UPGRADING to +0 ring mail.
   658 | D:1      | 658 ||| DROPPING +0 scale mail.
   659 | D:1      | 659 ||| READING 2 scrolls labelled NUILAJ WERE.
   659 | D:1      | 659 ||| IDENTIFYING fizzy purple potion
   660 | D:1      | 660 ||| READING scroll of identify.
   660 | D:1      | 660 ||| IDENTIFYING silvery potion
   661 | D:1      | 661 ||| READING scroll labelled WINAMO LEUSHRESUK.
   762 | D:1      | 762 ||| READING scroll labelled RUOGYTHRU SOICE.
   767 | D:1      | 767 ||| DROPPING scroll of butterflies.
   768 | D:1      | 768 ||| DROPPING potion of brilliance.
  1060 | D:2      | Reached skill level 7 in Ranged Weapons
  1322 | D:2      | Found Fuehu Equ's Jewellery Shoppe.
  1329 | D:2      | 1329 ||| SHOPLISTING +4 ring of protection (360 gold, have
                  | 76).
  1329 | D:2      | 1329 ||| SHOPLISTING amulet of regeneration (300 gold, have
                  | 76).
  1329 | D:2      | 1329 ||| SHOPLISTING ring "Liod" {+Blink rC+ Dex+6} (570
                  | gold, have 76).
  1329 | D:2      | 1329 ||| SHOPLISTING ring of positive energy (200 gold,
                  | have 76).
  1509 | D:2      | 1509 ||| READING scroll labelled ESTRAF NAWNUC.
  1510 | D:2      | 1510 ||| READING scroll labelled UJYUTIWKIA.
  1611 | D:2      | 1611 ||| READING scroll labelled RUFRICR BIKOUC.
  1611 | D:2      | 1611 ||| ENCHANTING +0 ring mail.
  1612 | D:2      | 1612 ||| DRINKING 2 dark potions.
  1708 | D:3      | Reached XP level 4. HP: 23/25 MP: 6/6
  1875 | D:3      | Reached skill level 8 in Ranged Weapons
  2078 | D:3      | Found a radiant altar of Vehumet.
  2083 | D:3      | Reached XP level 5. HP: 29/29 MP: 7/7
  2185 | D:3      | HP: 1/29 [orc priest/divine providence (15)]
  2186 | D:3      | 2186 ||| READING scroll of teleportation.
  2186 | D:3      | Killed from afar by an orc priest

Levels and vault maps discovered:
D:1:      dpeg_arrival_line_fractal, layout_loops_ring,
          hellmonk_ecumenical_altar_prayer_group
D:2:      layout_basic, serial_shops, nicolae_shop_tiny_waterfront
D:3:      layout_loops_ring, lemuel_round_altar, old_standard_altar

Skill      XL: |  1  2  3  4 |
---------------+-------------+-----
Ranged Weapons | 6 7 8 |  8.7
Fighting       | |  1.5
Dodging        | |  2.4
Stealth        | |  1.2

Action                     |  1- 3 |  4- 6 || total
---------------------------+-------+-------++-------
   Fire: Shortbow          |   128 |    84 ||   212
    Use: Scroll            |     7 |     1 ||     8
         Potion            |     1 |       ||     1
 Armour: Leather armour    |     6 |       ||     6
         Ring mail         |    23 |    23 ||    46
  Dodge: Dodged            |    28 |    28 ||    56

Table legend:
 A = Non-vault XP
 B = Vault XP
 C = Vault XP percentage of total XP
 D = Non-vault monster count
 E = Vault monster count
 F = Vault count percentage of total count
                 A         B        C        D         E       F
            +---------+---------+-------+---------+---------+-------
      Total |     242 |       5 |   2.0 |      70 |       3 |   4.1
            +---------+---------+-------+---------+---------+-------
        D:1 |      42 |       5 |  10.6 |      26 |       3 |  10.3
        D:2 |      33 |       0 |   0.0 |      17 |       0 |   0.0
        D:3 |     167 |       0 |   0.0 |      27 |       0 |   0.0
            +---------+---------+-------+---------+---------+-------
